 Dungeon Crawl Stone Soup version 0.28.0-49-g6dfe1f597d (webtiles) character file.

Game seed: 3321590244506616656

3593 fictitious the Quickloader (level 9, 0/74 HPs)
             Began as a Minotaur Hunter on May 18, 2022.
             Was a Believer of Fedhas.
             Shot with an arrow by a centaur warrior (1 damage)
             ... on level 8 of the Dungeon.
             The game lasted 00:20:01 (5659 turns).

fictitious the Quickloader (Minotaur Hunter)        Turns: 5659, Time: 00:20:01

Health: 0/74       AC: 11    Str: 20    XL:     9   Next: 85%
Magic:  10/10      EV:  9    Int:  8    God:    Fedhas [**....]
Gold:   399        SH:  0    Dex: 12    Spells: 8/8 levels left

rFire   . . .      SeeInvis .   a - +1 hand crossbow
rCold   . . .      Faith    .   (no shield)
rNeg    . . .      Spirit   .   W - +0 chain mail
rPois   .          Reflect  .   (helmet restricted)
rElec   .          Harm     .   (no cloak)
rCorr   .          Rampage  .   y - +0 pair of gloves
Will    .....                   (no boots)
Stlth   ..........              x - amulet of regeneration
HPRegen 1.02/turn               (no ring)
MPRegen 0.12/turn               (no ring)

@: no status effects
A: horns 2, retaliatory headbutt
a: Renounce Religion, Wall of Briars


You were on level 8 of the Dungeon.
You worshipped Fedhas.
Fedhas was pleased with you.
You visited 1 branch of the dungeon, and saw 8 of its levels.

You collected 399 gold pieces.

Inventory:

Hand Weapons
 a - a +1 hand crossbow (weapon)
 b - the +10 mace of Roulautz {vorpal, rPois}
   (You found it on level 2 of the Dungeon)

   It inflicts extra damage upon your enemies.
   rPois:     It protects you from poison.
 i - a +1 short sword of venom
Missiles
 c - 4 bolts (quivered ammo)
 j - 6 atropa-tipped darts
Armour
 h - a +0 plate armour
 n - a +0 ring mail
 y - a +0 pair of gloves (worn)
 W - a +0 chain mail (worn)
Jewellery
 x - an amulet of regeneration (around neck)
 P - a +6 ring of intelligence
Wands
 B - a wand of iceblast (9)
Scrolls
 e - a scroll of summoning
 g - a scroll of amnesia {unknown}
 k - 2 scrolls of enchant armour {unknown}
 l - 2 scrolls of fog {unknown}
 m - 2 scrolls of immolation {unknown}
 o - a scroll of vulnerability {unknown}
 r - 3 scrolls of identify
 t - a scroll of fear {unknown}
 u - a scroll of enchant weapon {unknown}
 v - a scroll of teleportation {unknown}
Potions
 d - a potion of resistance
 f - a potion of might
 p - a potion of magic {unknown}
 q - a potion of berserk rage {unknown}
 s - a potion of brilliance {unknown}
 w - a potion of mutation {unknown}


   Skills:
 + Level 5.5 Fighting
 - Level 8.0 Maces & Flails
 - Level 10.0 Crossbows
 * Level 7.0 Armour
 + Level 5.0 Dodging
 - Level 0.7 Stealth
 + Level 3.9 Invocations


You had 8 spell levels left.
You didn't know any spells.
Your spell library contained the following spells:

 Spells                   Type           Power      Damage    Failure   Level
 Apportation              Tloc           0%         N/A       98%         1
 Corpse Rot               Necr/Air       0%         N/A       99%         2
 Poisonous Vapours        Pois/Air       0%         N/A       99%         2
 Sublimation of Blood     Necr           0%         N/A       99%         2
 Petrify                  Tmut/Erth      0%         N/A       100%        4
 Alistair's Intoxication  Tmut/Pois      0%         N/A       100%        5
 Irradiate                Conj/Tmut      0%         3d13      100%        5
 Borgnjor's Revivificati  Necr           0%         N/A       100%        8
 Necromutation            Tmut/Necr      0%         N/A       100%        8
 Death's Door             Necr           0%         N/A       100%        9


Dungeon Overview and Level Annotations

Branches:
Dungeon (8/15)             Temple (0/1) D:6
   Lair: D:8-11

Altars:
Fedhas
Okawaru
Wu Jian

Annotations:
D:2 exclusion: scorpion
D:4 Dowan, Duvessa, Eustachio


Innate Abilities, Weirdness & Mutations

You have a pair of horns on your head.
You reflexively headbutt those who attack you in melee.


Message History

The arrow hits you.
You hear a shout!
You shoot a bolt. The bolt barely misses the centaur.
The centaur shoots an arrow.
The arrow hits you.
You shoot a bolt. The bolt completely misses the centaur.
The centaur shoots an arrow.
The arrow hits you.
The centaur shoots an arrow.
The arrow hits you.
You shoot a bolt. The bolt hits the centaur!
The centaur is moderately wounded.
The centaur shoots an arrow.
The arrow hits you!
A centaur warrior comes into view.
The centaur shoots an arrow.
The arrow hits you.
The centaur warrior wields a +0 shortbow of flaming.
It bursts into flame!
The centaur warrior shoots an arrow.
The arrow hits you!! The arrow burns you.
Found a stone staircase leading up.
Found 12 arrows.
The centaur warrior shoots an arrow.
The arrow hits you! The arrow burns you.
The centaur shoots an arrow.
The arrow hits you!
* * * LOW HITPOINT WARNING * * *
Found a scroll labelled UFIAGE KOZXATE.
The centaur warrior shoots an arrow.
The arrow hits you!
* * * LOW HITPOINT WARNING * * *
The arrow burns you.
You die...
Fedhas appreciates your contribution to the ecosystem.

.........#
.........#
.......(.#
.........#####
.........<...##
?..............
#............#
#.@## #...# #.#.#
#.#.### ##.#..$
#. #..#.##
##.###.#..###
#........cc.####
##.....#.......##


You could see a centaur warrior and a centaur (resistant).

Vanquished Creatures
  5 yaks
  A steam dragon (D:8)
  A water moccasin (D:6)
  An orc warrior (D:7)
  3 ice beasts (D:5)
  A sky beast (D:7)
  2 ogres
  A black bear (D:6)
  A necrophage (D:6)
  2 centaurs
  A phantom (D:4)
  2 bullfrogs
  A scorpion (D:5)
  2 wyvern skeletons
  7 killer bees
  12 wights
  A howler monkey (D:6)
  A bullfrog zombie (D:6)
  2 centaur zombies
  A bullfrog skeleton (D:3)
  2 orc priests
  Jessica (D:2)
  An iguana (D:6)
  4 gnolls
  6 adders
  A shadow imp (D:3)
  A white imp (D:7)
  An adder zombie (D:5)
  A worm (D:3)
  32 orcs
  6 endoplasms
  4 giant cockroaches
  5 goblins
  6 hobgoblins
  3 quokkas (D:1)
  5 ball pythons
  3 bats
  3 frilled lizards
  7 kobolds
  5 rats
145 creatures vanquished.

Notes
Turn   | Place    | Note
-------+----------+-------------------------------------------
     0 | D:1      | fictitious the Minotaur Hunter began the quest for the Orb.
     0 | D:1      | Reached XP level 1. HP: 18/18 MP: 0/0
   100 | D:1      | Reached skill level 5 in Crossbows
   100 | D:1      | Reached XP level 2. HP: 25/25 MP: 1/1
   413 | D:1      | Reached XP level 3. HP: 28/30 MP: 2/2
   713 | D:1      | Found a faded altar of an unknown god.
  1226 | D:2      | Noticed Jessica
  1228 | D:2      | Killed Jessica
  1229 | D:2      | Reached skill level 6 in Crossbows
  1229 | D:2      | Reached XP level 4. HP: 37/37 MP: 3/3
  1301 | D:2      | Identified the +10 mace of Roulautz {vorpal, rPois}
  1370 | D:2      | Noticed a scorpion
  1554 | D:3      | Found an iron altar of Okawaru.
  1654 | D:3      | Reached skill level 7 in Crossbows
  1654 | D:3      | Reached XP level 5. HP: 40/42 MP: 4/4
  2183 | D:4      | Noticed Duvessa
  2183 | D:4      | Noticed Dowan
  2219 | D:4      | Noticed Eustachio
  2297 | D:4      | Noticed a phantom
  2299 | D:4      | Reached skill level 8 in Crossbows
  2299 | D:4      | Reached XP level 6. HP: 48/50 MP: 5/5
  2399 | D:4      | You fall into a shaft and drop 2 floors!
  2546 | D:5      | Entered Level 5 of the Dungeon
  2627 | D:5      | Reached XP level 7. HP: 56/56 MP: 6/6
  2931 | D:5      | Reached skill level 5 in Maces & Flails
  2986 | D:5      | Found a blossoming altar of Fedhas.
  3018 | D:5      | Became a worshipper of Fedhas Madash
  3053 | D:5      | Reached skill level 9 in Crossbows
  3091 | D:5      | Reached XP level 8. HP: 46/62 MP: 7/7
  4031 | D:6      | Reached skill level 10 in Crossbows
  4140 | D:6      | Found a staircase to the Ecumenical Temple.
  4156 | D:6      | Reached skill level 1 in Armour
  4332 | D:7      | Reached skill level 1 in Invocations
  4505 | D:7      | Reached * piety under Fedhas
  4511 | D:7      | Reached XP level 9. HP: 61/70 MP: 9/9
  4626 | D:7      | Found an ornate altar of the Wu Jian Council.
  5323 | D:7      | Reached skill level 5 in Armour
  5568 | D:7      | Reached skill level 5 in Fighting
  5595 | D:8      | Reached ** piety under Fedhas
  5603 | D:8      | Reached skill level 5 in Dodging
  5651 | D:8      | Noticed a centaur warrior
  5659 | D:8      | HP: 1/74 [centaur warrior/arrow (16)]
  5659 | D:8      | Shot with an arrow by a centaur warrior

Illustrated notes

Levels and vault maps discovered:
D:1:      dpeg_arrival_lava_temple_mockup, layout_loops_ring,
          shapermc_ecumenical_altar_hornbeckon, corexii_corridor_pit,
          st_stairs_12
D:2:      layout_basic, serial_co_window_serial, co_window_paths_b,
          co_window_corner_a, co_window_of_opportunity_a,
          co_window_of_opportunity_a, co_window_paths_b, co_window_2corner,
          co_window_2corner, co_window_2corner, co_window_2corner,
          co_window_of_opportunity_b, co_window_4corner_a, co_window_sun,
          glass_columns_b, glass_columns_a, glass_columns_c, uniq_jessica
D:3:      layout_basic, lemuel_doored_altar, nrook_loot_triangle
D:4:      layout_layer_cave, nicolae_tso_swordbearing_angel, serial_shops, shop,
          minmay_vboxes, uniq_eustachio, uniq_duvessa
D:5:      layout_basic, overflow_temple_1_default, grunt_ministairs_4,
          hangedman_abyss_or_decor_stagger
D:6:      layout_basic, minmay_temple_entry_arrows
D:7:      layout_loops_ring, mainiacjoe_overflow_alcove_2
D:8:      layout_rooms, mainiacjoe_overflow_six_doors_small

Skill      XL: |  1  2  3  4  5  6  7  8  9 |
---------------+----------------------------+-----
Crossbows      | 5 6 7 8 9 10 | 10.0
Maces & Flails | 4 6 8 |  8.0
Armour         | 3 7 |  7.0
Invocations    | 1 3 |  3.9
Fighting       | 3 5 |  5.5
Dodging        | 3 5 |  5.0
Stealth        | |  0.7

Action                   |  1- 3 |  4- 6 |  7- 9 || total
-------------------------+-------+-------+-------++-------
Melee: Short sword       |    52 |     2 |       ||    54
       Headbutt          |     4 |     6 |    18 ||    28
       Mace              |       |    40 |   111 ||   151
       Punch             |       |       |     2 ||     2
 Fire: Hand crossbow     |    28 |    56 |   100 ||   184
  Use: Scroll            |     1 |     1 |     2 ||     4
       Potion            |       |       |     2 ||     2
Armor: Ring mail         |    24 |    12 |    21 ||    57
       Chain mail        |       |       |    18 ||    18
Dodge: Dodged            |    44 |    41 |    68 ||   153
